 Dungeon Crawl Stone Soup version 0.30-a0-528-g8c47a4955b (webtiles) character file.

Game seed: 17366191102331278771

107 Darkkill the Shooter (level 4, -3/38 HPs)
             Began as a Minotaur Hunter on Dec 23, 2022.
             Slain by a necrophage (7 damage)
             ... on level 4 of the Dungeon.
             The game lasted 00:02:21 (2087 turns).

Darkkill the Shooter (Minotaur Hunter)              Turns: 2087, Time: 00:02:22

Health: -3/38      AC:  5    Str: 15    XL:     4   Next: 56%
Magic:  3/3        EV: 13    Int:  6    God:
Gold:   99         SH:  0    Dex: 16    Spells: 3/3 levels left

rFire   . . .      SeeInvis .    a - +1 shortbow
rCold   . . .      Faith    .    (shield currently unavailable)
rNeg    . . .      Spirit   .    c - +1 leather armour
rPois   .          Reflect  .    (helmet restricted)
rElec   .          Harm     .    (no cloak)
rCorr   .          Rampage  .    (no gloves)
Will    .....                    j - +0 pair of boots
Stlth   ++                       (no amulet)
HPRegen 0.26/turn                (no ring)
MPRegen 0.08/turn                (no ring)

@: studying Unarmed Combat
A: horns 2, retaliatory headbutt
a: no special abilities


You were on level 4 of the Dungeon.
You visited 1 branch of the dungeon, and saw 6 of its levels.

You collected 99 gold pieces.

Inventory:

Hand Weapons
 a - a +1 shortbow (weapon)
Missiles
 d - 53 stones
 g - 5 poisoned darts
 i - 4 boomerangs
Armour
 c - a +1 leather armour (worn)
 j - a +0 pair of boots (worn)
Wands
 n - a wand of paralysis (13)
Scrolls
 b - a scroll of immolation
 k - a scroll of magic mapping {unknown}
Potions
 e - 2 potions of lignification
 f - 2 potions of curing {unknown}
 h - 2 potions of magic {unknown}
 l - a potion of attraction {unknown}
 m - a potion of haste {unknown}
 o - a potion of cancellation {unknown}


   Skills:
 + Level 3.5 Fighting
 + Level 5.0 Ranged Weapons
 + Level 3.2 Dodging
 + Level 2.0 Stealth


You had 3 spell levels left.
You didn't know any spells.
Your spell library contained the following spells:

 Spells                   Type           Power      Damage    Failure   Level
 Ensorcelled Hibernation  Hex/Ice        0%         N/A       67%         2
 Passwall                 Tmut/Erth      0%         N/A       67%         2
 Swiftness                Air            0%         N/A       88%         3


Dungeon Overview and Level Annotations

Branches:
Dungeon (6/15)
 Temple: D:4-7

Altars:
Kikubaaqudgha


Innate Abilities, Weirdness & Mutations

You have a pair of horns on your head.
You reflexively headbutt those who attack you in melee.


Message History

You see here a scroll of identify {@r1}.
You see here a quokka corpse.
The orc priest casts a cantrip, but nothing happens.
The orc hits you with a +2 hand axe of freezing.
The orc freezes you.
There is a stone staircase leading up here.
You climb upwards.
The hobgoblin shouts!
You hear an angry hiss.
Found a ring mail and a scale mail.
There is a stone staircase leading down here.
You shoot an arrow. The arrow barely misses the orc.
The orc misses you.
An adder comes into view.
You shoot an arrow. The arrow hits the orc!
You kill the orc!
Found a plate armour.
Found an escape hatch in the floor.
A phantom comes into view.
Things that are here:
a +2 hand axe of freezing; an orc corpse You shoot an arrow.
The arrow closely misses the hobgoblin.
You hear a shout!
The hobgoblin closely misses you.
A necrophage comes into view.
You shoot an arrow. The arrow barely misses the hobgoblin.
A kobold comes into view. It is wielding a +0 short sword.
The hobgoblin completely misses you.
The hobgoblin hits you but does no damage.
You shoot an arrow. The arrow hits the hobgoblin!
You kill the hobgoblin!
The adder bites you but does no damage.
The kobold throws a stone.
The stone hits you.
Aiming: Paralyse
Press: ? - help, Q - select action, (/) - cycle Shift-Dir - straight line, f - adder
Aim: an adder (chance to affect: 57%)
The adder resists with significant effort.
The adder bites you but does no damage. The phantom closely misses you.
You furiously retaliate!
You headbutt the phantom. The adder closely misses you.
Aiming: Paralyse
Press: ? - help, Q - select action, (/) - cycle Shift-Dir - straight line, f/p - adder
Aim: an adder (chance to affect: 57%)
Okay, then.
You shoot an arrow. The arrow closely misses the adder.
The adder barely misses you. You furiously retaliate!
You headbutt the adder, but do no damage.
A scorpion comes into view.
The phantom hits you but does no damage.
You shoot an arrow. The arrow hits the adder!
The adder is heavily wounded.
The adder bites you.
You are poisoned.
The adder poisons you! The phantom closely misses you. The adder bites you.
You shoot an arrow. The arrow hits the adder.
The adder is severely wounded.
You feel sick.
The kobold hits you with a +0 short sword.
The necrophage barely misses you. You furiously retaliate!
You headbutt the necrophage, but do no damage.
The phantom hits you.
The phantom blinks!
You blink.
The phantom misses you.
You feel sick. The phantom barely misses you.
You shoot an arrow. The arrow hits the phantom.
The phantom is lightly damaged.
You feel sick. The phantom hits you.
You shoot an arrow. The arrow closely misses the phantom.
You feel sick.
You are no longer poisoned.
The phantom hits you.
You shoot an arrow. The arrow barely misses the phantom.
The phantom hits you but does no damage.
The adder barely misses you. You furiously retaliate!
You headbutt the adder.
You kill the adder!
You shoot an arrow. The arrow hits the phantom!
The phantom is heavily damaged.
You hear a shout!
The phantom misses you. x2
You shoot an arrow. The arrow hits the phantom.
The phantom is severely damaged.
The phantom hits you but does no damage.
You shoot an arrow. The arrow hits the phantom!
The phantom is almost destroyed.
The kobold hits you but does no damage. The phantom barely misses you.
You shoot an arrow. The arrow misses the phantom.
The kobold hits you but does no damage. The necrophage closely misses you.
The phantom hits you. The phantom closely misses you.
The kobold hits you with a +0 short sword.
* * * LOW HITPOINT WARNING * * *
The necrophage closely misses you.
You shoot an arrow. The arrow hits the phantom.
The phantom is almost destroyed.
The kobold completely misses you.
The phantom hits you but does no damage.
The necrophage misses you.
You shoot an arrow. The arrow misses the phantom.
The phantom hits you.
* * * LOW HITPOINT WARNING * * *
The kobold hits you but does no damage. The necrophage closely misses you.
Unknown command.
You shoot an arrow. The arrow hits the phantom.
You destroy the phantom!
The kobold hits you with a +0 short sword.
* * * LOW HITPOINT WARNING * * *
The necrophage hits you!
You die...

.#. . ### .. ...
##.# .#
##..#....#..##..##
###..> #...@.....#
......#
##.nK##....#
.......##
##.s#.....#
#.....##.......
...
#...K.)>....[.. ..
#.....n§.##..##. .
....s............
....##.......[. .
... ##...[..#..


You could see a necrophage, a scorpion and a kobold.

Vanquished Creatures
  A phantom (D:4)
  2 adders
  A shadow imp (D:6)
  An ufetubus (D:6)
  A worm (D:3)
  2 dart slugs
  5 orcs
  5 ball pythons
  6 endoplasms
  6 goblins
  3 hobgoblins
  2 jackals (D:2)
  3 quokkas
  5 bats
  5 frilled lizards
  8 kobolds
  6 rats
62 creatures vanquished.

Notes
Turn   | Place    | Note
-------+----------+-------------------------------------------
     0 | D:1      | Darkkill the Minotaur Hunter began the quest for the Orb.
     0 | D:1      | Reached XP level 1. HP: 18/18 MP: 0/0
    48 | D:1      | Reached skill level 1 in Stealth
    85 | D:1      | Reached XP level 2. HP: 25/25 MP: 1/1
   986 | D:2      | Reached XP level 3. HP: 31/31 MP: 2/2
  1587 | D:3      | Found an ancient bone altar of Kikubaaqudgha.
  1663 | D:3      | Reached XP level 4. HP: 38/38 MP: 3/3
  1894 | D:3      | You fall into a shaft and drop 3 floors!
  1993 | D:6      | Reached skill level 5 in Ranged Weapons
  2019 | D:5      | Entered Level 5 of the Dungeon
  2068 | D:4      | Noticed a phantom
  2070 | D:4      | Noticed a necrophage
  2074 | D:4      | Noticed a scorpion
  2086 | D:4      | HP: 7/38 [phantom (5)]
  2087 | D:4      | Killed a phantom
  2087 | D:4      | Slain by a necrophage

Illustrated notes

Levels and vault maps discovered:
D:1:      dpeg_arrival_simpleton_a, layout_basic
D:2:      layout_basic, grunt_decor_mini_mirrors
D:3:      layout_basic, kiku_gazebo_pond_becter, minmay_misc_feat_more_columns,
          grunt_decor_one_mirror, minmay_unequal
D:4:      layout_cave_pools, dk_noncrumbling_2
D:5:      layout_rooms, kennysheep_nub, uniq_sigmund
D:6:      layout_loops_ring

Skill      XL: |  1  2  3  4 |
---------------+-------------+-----
Stealth        | 1 2 |  2.0
Fighting       | 3 |  3.5
Dodging        | 3 |  3.2
Ranged Weapons | 5 |  5.0

Action                   |  1- 3 |  4- 6 || total
-------------------------+-------+-------++-------
 Fire: Shortbow          |   128 |    40 ||   168
Evoke: Wand              |       |     1 ||     1
  Use: Scroll            |     5 |     3 ||     8
Armor: Leather armour    |    20 |    14 ||    34
Dodge: Dodged            |    24 |    26 ||    50

Table legend: (Time is in decaauts)
 A = Elapsed time spent in this place.
 B = Non-inter-level travel time spent in this place.
 C = Inter-level travel time spent in this place.
 D = Time resting spent in this place.
 E = Time spent auto-exploring this place.
 F = Levels seen in this place.
 G = Mean time per level.
                   A        B        C        D        E       F      G
               +--------+--------+--------+--------+--------+-----+--------+
         Total |   2135 |   2076 |     59 |      0 |   1543 |   6 |  355.8 |
       Dungeon |   2135 |   2076 |     59 |      0 |   1543 |   6 |  355.8 |
               +--------+--------+--------+--------+--------+-----+--------+

Top non-repeatable levels by time:
     D:2: 821 daAuts
     D:1: 695 daAuts
     D:3: 418 daAuts
     D:6: 127 daAuts
     D:5: 46 daAuts
     D:4: 26 daAuts

Table legend:
 A = Kills in this place as a percentage of kills in entire the game.
 B = Kills by you in this place as a percentage of kills by you in the entire game.
 C = Kills by friends in this place as a percentage of kills by friends in the entire game.
 D = Other kills in this place as a percentage of other kills in the entire game.
 E = Experience gained in this place as a percentage of experience gained in the entire game.
 F = Experience gained in this place divided by the number of levels of this place that you have seen.
                   A       B       C       D       E      F
               +-------+-------+-------+-------+-------+----------------------
         Total | 100.0 | 100.0 |   N/A |   N/A | 100.0 |  44.0
       Dungeon | 100.0 | 100.0 |   N/A |   N/A | 100.0 |  44.0
               +-------+-------+-------+-------+-------+----------------------
